 Dungeon Crawl Stone Soup version 0.21-a0-43-g1479571 (webtiles) character file.

158695 HAL9000 the Peltast (level 17, -1/88 HPs)
             Began as a Vine Stalker Assassin on June 5, 2017.
             Was the Champion of Dithmenos.
             Slain by Saint Roka
             ... wielding a +3 war axe of electrocution
              (16 damage)
             ... on level 15 of the Dungeon on June 6, 2017.
             The game lasted 02:14:16 (33025 turns).

HAL9000 the Peltast (Vine Stalker Assassin)        Turns: 33025, Time: 02:14:18

Health: -1/88      AC: 11    Str: 23    XL:     17   Next: 42%
Magic:  0/25       EV: 21    Int: 15    God:    Dithmenos [******]
Gold:   430        SH: 15    Dex: 21    Spells: 10/26 levels left

rFire    + . .     SeeInvis .   L - +4 rapier (drain)
rCold    . . .     Gourm    .   G - +0 shield
rNeg     . . .     Faith    .   X - +0 fire dragon scales
rPois    .         Spirit   +   H - +1 hat
rElec    .         Reflect  .   Z - scarf of Offitish {+Fly rC+ Str+3}
rCorr    +         Harm     .   n - +0 pair of gloves
MR       ++...                  B - +0 pair of boots of Patterns {rF- rCorr Int+3 Slay+5}
Stlth    ++++++++..             K - amulet of regeneration
Regen    1.5/turn               f - +5 ring of evasion
MPRegen  0.2/turn               q - +3 ring of slaying

@: mighty, about to teleport, wreathed by umbra
A: fangs 3, regeneration 2, magic shield, antimagic bite, no potion heal 3, rot
immunity
}: 1/15 runes: barnacled
a: Shadow Step, Shadow Form, Renounce Religion, Evoke Flight


You were on level 15 of the Dungeon.
You worshipped Dithmenos.
Dithmenos was exalted by your worship.
You were not hungry.

You visited 6 branches of the dungeon, and saw 29 of its levels.
You also visited: Labyrinth and Ice Cave.

You collected 2892 gold pieces.
You spent 2462 gold pieces at shops.

Inventory:

Hand Weapons
 L - a +4 rapier of draining (weapon)
Missiles
 F - 9 throwing nets
 S - 50 javelins (quivered)
 T - 16 steel javelins
 U - 11 silver javelins
Armour
 n - a +0 pair of gloves (worn)
 B - the +0 pair of boots of Patterns (worn) {rF- rCorr Int+3 Slay+5}
   (You bought it in a shop on level 2 of the Orcish Mines)

   It affects your intelligence (+3).
   It affects your accuracy and damage with ranged weapons and melee attacks
   (+5).
   It makes you vulnerable to fire.
   It protects you from acid and corrosion.
 G - a +0 shield (worn)
 H - a +1 hat (worn)
 O - a +3 leather armour of magic resistance
 X - +0 fire dragon scales (worn)
 Z - the scarf of Offitish (worn) {+Fly rC+ Str+3}
   (You found it on level 6 of the Lair of Beasts)

   It affects your strength (+3).
   It protects you from cold.
   It lets you fly.
Jewellery
 d - an uncursed ring of positive energy
 f - a +5 ring of evasion (left hand)
 q - a +3 ring of slaying (right hand)
 K - an amulet of regeneration (around neck)
Wands
 a - a wand of acid (10/15)
 l - a wand of scattershot (3/9)
 N - a wand of digging (13/24)
Scrolls
 e - 3 scrolls of summoning
 h - 4 scrolls of blinking
 j - 12 scrolls of remove curse
 k - 6 scrolls of teleportation
 p - 2 scrolls of holy word
 t - 3 scrolls of silence
 w - a scroll of enchant weapon
 y - 5 scrolls of fear
 E - 8 scrolls of magic mapping
 W - a scroll of recharging
 Y - 5 scrolls of identify
Potions
 m - 3 potions of agility
 o - 17 potions of curing
 s - 2 potions of ambrosia
 v - 3 potions of resistance
 x - 4 potions of cancellation
 C - a potion of invisibility
 I - 2 potions of magic
 M - 3 potions of might
 P - 7 potions of brilliance
 Q - 2 potions of berserk rage
 V - 4 potions of haste
Comestibles
 g - 15 bread rations
 z - 10 royal jellies
 R - 5 fruits


   Skills:
 - Level 9.7 Fighting
 - Level 14.0 Short Blades
 - Level 2.0 Throwing
 + Level 1.2 Armour
 - Level 8.6 Dodging
 - Level 14.2 Stealth
 - Level 15.0 Shields
 - Level 5.2 Spellcasting
 - Level 5.5 Charms
 - Level 3.8 Translocations
 - Level 2.0 Invocations
 - Level 7.1 Evocations


You had 10 spell levels left.
You knew the following spells:

 Your Spells              Type           Power        Failure   Level  Hunger
a - Swiftness             Chrm/Air       ##......     24%         2    ##.....
d - Blink                 Tloc           N/A          16%         2    ##.....
x - Confuse               Hex            #.......     83%         3    ###....
I - Invisibility          Hex            #.......     100%        6    #######
R - Regeneration          Chrm/Necr      ##........   43%         3    ###....


Dungeon Overview and Level Annotations

Branches:
Dungeon (15/15)            Temple (1/1) D:6            Lair (6/6) D:10
 Shoals (4/4) Lair:4       Spider (0/4) Lair:3        Slime (0/5) Lair:6
    Orc (2/2) D:9             Elf (0/3) Orc:2        Vaults (0/5) D:13
 Depths (1/5) D:15

Altars:
Ashenzari
Cheibriados
Dithmenos
Elyvilon
Fedhas
Gozag
Hepliaklqana
Kikubaaqudgha
Makhleb
Nemelex Xobeh
Okawaru
Qazlal
Ru
Sif Muna
Trog
Uskayaw
Vehumet
Wu Jian
Xom
Yredelemnul
Zin
The Shining One
Jiyva

Shops:
D:8 :   D:12 =(!   Orc:2 *((*   Shoals:2 %   Shoals:3 }

Portals:
Hell: Lair:6

Annotations:
D:7 1 runed door
D:15 Saint Roka
Lair:3 exclusion: ice statue


Innate Abilities, Weirdness & Mutations

You have razor-sharp teeth.
You heal very quickly.
When hurt, damage is shared between your health and your magic reserves.
Your bite disrupts and absorbs the magic of your enemies.
Potions cannot restore your health.
You are immune to rotting.


Message History

Unknown command.
Things that are here:
a ring of flight; a leather armour; a hand axe Saint Roka calls down the wrath of Beogh upon you.
Beogh smites you!
* * * LOW HITPOINT WARNING * * *
Things that are here:
a robe; a war axe Your surroundings suddenly seem different.
You start resting.
All of the chunks of flesh in your inventory have rotted away.
As you read the scroll of teleportation, it crumbles to dust.
You feel strangely unstable.
You completely miss Saint Roka. You bite Saint Roka, but do no damage.
Saint Roka is lightly wounded.
Your shadow hits Saint Roka but does no damage.
Saint Roka hits you with a war axe of electrocution!!
* * * LOW HITPOINT WARNING * * *
You emit a cloud of dark smoke.
You are electrocuted!
You die...

......#.#####.###### ##.##
...................####...#######
PPP...(..()...####..(.)..........
..♣P..#....(.(.((..(###...#######
........#####.####..####.##
⌠..P..#.# #............###
......#.# #.####..##.#...#
(.♣...#.# #.########.#...#
.PP...#.# #.§o@#.....#...###
♣P♣.....# ######..#[#o#.#..#
..)...#.# #.#[..#=..#.# .....##.#
######...%[#[###.# .....##.#
#.)....#[)>#.###.#
♣.♣..##.#####..####.####..##.#
♣♣P..##........#⌠..#......##.#
...........###.#....[##...##.#
)).........#...#...#.##.####.##


You could see Saint Roka.

Vanquished Creatures
  Jorgrun (Shoals:3)
  Gastronok (Lair:3)
  Ilsuiw (Shoals:4)
  A frost giant (IceCv)
  A stone giant (Depths:1)
  Azrael (D:12)
  A dire elephant (Lair:6)
  An ettin (D:15)
  7 merfolk impalers
  Fannar (D:10)
  5 merfolk javelineers
  A minotaur (Lab)
  8 vault guards (D:13)
  An ice dragon (Lair:3)
  6 merfolk aquamancers
  2 catoblepae
  Harold (D:11)
  2 merfolk avatars
  8 hydras
  5 two-headed ogres
  A centaur warrior (D:13)
  A satyr (Shoals:3)
  A tengu warrior (D:14)
  An ogre mage (D:15)
  5 orc high priests
  A sun demon (Lair:6)
  8 sea snakes
  2 unseen horrors
  A wizard (Lair:6)
  A kraken simulacrum (Shoals:4)
  A wolf spider zombie (D:13)
  6 orc knights (Orc:2)
  19 harpies
  Pikel (D:7)
  5 orc sorcerers
  5 ugly things
  A deep elf archer (D:15)
  6 fauns (Shoals:3)
  5 manticores
  A deep elf mage (D:15)
  3 cyclopes
  8 merfolk sirens
  Maurice (D:8)
  3 black mambas
  5 elephants (Lair:6)
  3 water nymphs
  An ice statue (IceCv)
  2 orange demons (Lair:6)
  3 gargoyles
  9 spiny frogs
  A torpor snail (Lair:3)
  7 rime drakes
  12 komodo dragons
  2 kobold demonologists
  A freezing wraith (D:14)
  A hellwing (Lair:6)
  A komodo dragon (shapeshifter) (D:14)
  The ghost of blackwizard the Shield-Bearer, an amateur TrFi (D:5)
  4 ice devils (Lair:6)
  3 meliai (D:15)
  A jumping spider (Lair:3)
  12 merfolk
  20 polar bears
  A queen bee (D:11)
  2 wind drakes (Shoals:4)
  A harpy skeleton (D:15)
  7 trolls
  19 dream sheep
  3 snapping turtles
  A hornet (D:11)
  8 blink frogs
  10 hippogriffs
  5 slime creatures (D:15)
  A shadow (D:12)
  A redback (Lab)
  14 water elementals
  59 yaks
  3 wyverns
  3 fire elementals (D:12)
  4 vampire mosquitoes (D:14)
  2 soldier ants
  3 wargs
  6 hell hounds
  10 water moccasins
  Duvessa (D:4)
  9 porcupines
  44 orc warriors
  4 sky beasts
  12 ice beasts
  18 ogres
  7 phantoms
  A black bear (D:7)
  27 wolves
  An eye of draining (D:12)
  3 boggarts (D:14)
  7 centaurs
  9 crocodiles
  6 big kobolds
  18 bullfrogs
  Blork the orc (D:6)
  4 gnoll sergeants (D:9)
  8 scorpions
  Dowan (D:5)
  12 wights
  22 killer bees (D:11)
  6 electric eels (D:13)
  8 howler monkeys
  2 bullfrog zombies
  10 crimson imps
  2 quasits
  3 bullfrog skeletons
  5 hounds
  3 jellies
  26 orc wizards
  23 orc priests
  2 centaur skeletons
  4 iguanas
  6 worker ants
  A statue (D:6)
  A killer bee zombie (D:10)
  A howler monkey zombie (D:3)
  2 worker ant zombies
  20 adders
  7 gnolls (D:9)
  4 shadow imps
  A white imp (Lair:2)
  2 oozes
  An adder zombie (D:8)
  2 worms
  7 dart slugs
  5 leopard geckos
  116 orcs
  10 bats
  10 giant cockroaches
  2 gnoll zombies (D:9)
  6 goblins
  7 hobgoblins
  9 jackals
  4 quokkas
  2 ball pythons
  3 frilled lizards
  19 kobolds
  A quokka skeleton (D:5)
  A quokka zombie (D:5)
  8 rats
  A plant (Shoals:3)
962 creatures vanquished.

Vanquished Creatures (others)
  A water elemental (Shoals:4)
  A slave (D:7)
  A hound (D:7)
  An orc priest (Depths:1)
  9 bushes (D:15)
  3 fungi
  10 plants
  4 tentacles (Shoals:4)
30 creatures vanquished.

Grand Total: 992 creatures vanquished

Notes
Turn   | Place    | Note
-------+----------+-------------------------------------------
     0 | D:1      | HAL9000 the Vine Stalker Assassin began the quest for the Orb.
     0 | D:1      | Reached XP level 1. HP: 11/11 MP: 2/2
   180 | D:1      | Reached XP level 2. HP: 12/15 MP: 3/3
   686 | D:1      | Reached XP level 3. HP: 15/18 MP: 4/4
  1262 | D:2      | Reached skill level 1 in Shields
  1274 | D:2      | Found a faded altar of an unknown god.
  1660 | D:2      | Gained mutation: Your natural rate of healing is unusually fast. [Vine Stalker growth]
  1660 | D:2      | Reached XP level 4. HP: 21/23 MP: 5/5
  1665 | D:2      | Found an ancient bone altar of Kikubaaqudgha.
  2351 | D:3      | Reached skill level 2 in Shields
  2402 | D:3      | Found a burning altar of Makhleb.
  2542 | D:4      | Reached XP level 5. HP: 18/26 MP: 6/6
  2853 | D:4      | Reached skill level 3 in Shields
  2853 | D:4      | Reached XP level 6. HP: 11/30 MP: 1/7
  3086 | D:4      | Found a sacrificial altar of Ru.
  3138 | D:4      | Reached skill level 5 in Short Blades
  3357 | D:4      | Reached skill level 4 in Shields
  3357 | D:4      | Reached XP level 7. HP: 34/34 MP: 8/8
  3517 | D:5      | Entered Level 5 of the Dungeon
  3517 | D:5      | Noticed blackwizard's ghost (amateur TrFi)
  3652 | D:5      | Noticed Duvessa
  3652 | D:5      | Noticed Dowan
  3653 | D:5      | Killed Dowan
  4665 | D:4      | Killed Duvessa
  4995 | D:5      | Reached skill level 5 in Shields
  4995 | D:5      | Gained mutation: You have razor-sharp teeth. [Vine Stalker growth]
  4995 | D:5      | Reached XP level 8. HP: 38/38 MP: 9/9
  5136 | D:5      | Killed blackwizard's ghost
  5243 | D:5      | Reached skill level 6 in Shields
  5499 | D:5      | Reached XP level 9. HP: 37/42 MP: 8/10
  5556 | D:5      | Reached skill level 7 in Shields
  5730 | D:6      | Found a staircase to the Ecumenical Temple.
  5818 | Temple   | Entered the Ecumenical Temple
  5889 | Temple   | Became a worshipper of Dithmenos the Shadowed
  6030 | D:6      | Noticed Blork the orc
  6043 | D:6      | Killed Blork the orc
  6068 | D:6      | Found an ornate altar of the Wu Jian Council.
  6068 | D:6      | Found a shimmering altar of Xom.
  6261 | D:6      | Found a radiant altar of Vehumet.
  6556 | D:6      | Reached * piety under Dithmenos
  6730 | D:7      | Found a runed door.
  6730 | D:7      | Noticed a sixfirhy
  6824 | D:7      | Noticed Pikel
  6863 | D:7      | Killed Pikel
  6863 | D:7      | Reached skill level 8 in Shields
  7209 | D:7      | Reached XP level 10. HP: 46/46 MP: 11/11
  7512 | D:7      | Found an iron altar of Okawaru.
  7645 | D:8      | Found an iron altar of Okawaru.
  7667 | D:8      | Reached skill level 1 in Dodging
  7722 | D:8      | Found a sparkling altar of Nemelex Xobeh.
  8108 | D:8      | Found Kuolofom's Book Shop.
  8227 | D:8      | Reached ** piety under Dithmenos
  8365 | D:8      | Noticed Maurice
  8386 | D:8      | Killed Maurice
  8874 | D:9      | Reached skill level 10 in Short Blades
  8936 | D:9      | Noticed a two-headed ogre
  9004 | D:9      | Killed a two-headed ogre
  9257 | D:9      | Reached skill level 5 in Fighting
  9585 | D:9      | Found a basalt altar of Yredelemnul.
  9606 | D:9      | Found a staircase to the Orcish Mines.
  9613 | D:9      | Reached XP level 11. HP: 44/55 MP: 9/12
  9772 | D:9      | Reached *** piety under Dithmenos
 10158 | D:10     | Entered Level 10 of the Dungeon
 10263 | D:10     | Reached skill level 5 in Dodging
 10532 | D:10     | Noticed Fannar
 10542 | D:10     | Killed Fannar
 10690 | D:10     | Found a staircase to the Lair.
 11474 | Lair:1   | Entered Level 1 of the Lair of Beasts
 11856 | Lair:1   | Reached **** piety under Dithmenos
 12068 | Lair:1   | Found a frozen archway.
 12225 | IceCv    | Entered an ice cave
 12363 | IceCv    | Gained mutation: You heal very quickly. [Vine Stalker growth]
 12363 | IceCv    | Reached XP level 12. HP: 63/63 MP: 13/13
 12934 | IceCv    | Reached ***** piety under Dithmenos
 12991 | IceCv    | Noticed a frost giant
 13355 | IceCv    | Killed a frost giant
 13584 | Lair:1   | Noticed a five-headed hydra
 13605 | Lair:1   | Killed a five-headed hydra
 13914 | Lair:1   | Reached XP level 13. HP: 67/69 MP: 12/14
 14463 | Lair:1   | Learned a level 2 spell: Swiftness
 14722 | Lair:3   | Found a hole to the Spider Nest.
 14842 | Lair:3   | Reached skill level 5 in Stealth
 15197 | Lair:3   | Noticed Gastronok
 15200 | Lair:3   | Noticed an ice dragon
 15324 | Lair:3   | Killed an ice dragon
 15681 | Lair:3   | Killed Gastronok
 15903 | Lair:4   | Found a staircase to the Shoals.
 16514 | Lair:4   | Found a dark tunnel.
 17856 | Lair:6   | Entered Level 6 of the Lair of Beasts
 17862 | Lair:6   | Reached XP level 14. HP: 76/76 MP: 15/15
 17879 | Lair:6   | Reached skill level 9 in Shields
 18223 | Lair:6   | Reached skill level 10 in Shields
 18230 | Lair:6   | Noticed a dire elephant
 18238 | Lair:6   | Killed a dire elephant
 18238 | Lair:6   | Reached skill level 10 in Stealth
 18262 | Lair:6   | Found a burning altar of Makhleb.
 18505 | Lair:6   | Found a gateway to Hell.
 18526 | Lair:6   | Got a pitted scarf
 18541 | Lair:6   | Identified the scarf of Offitish {+Fly rC+ Str+3} (You found it on level 6 of the Lair of Beasts)
 18753 | Lair:6   | Found a viscous altar of Jiyva.
 18753 | Lair:6   | Found a staircase to the Slime Pits.
 18894 | Lair:6   | Reached skill level 11 in Shields
 19635 | Orc:1    | Entered Level 1 of the Orcish Mines
 20239 | Orc:2    | Entered Level 2 of the Orcish Mines
 20377 | Orc:2    | Found Rappuwo's Antique Weapon Emporium.
 20434 | Orc:2    | Reached ****** piety under Dithmenos
 20989 | Orc:2    | Found a staircase to the Elven Halls.
 21133 | Orc:2    | Reached skill level 12 in Shields
 21133 | Orc:2    | Reached XP level 15. HP: 57/80 MP: 16/16
 21242 | Orc:2    | Found Emymenk's Assorted Antiques.
 21254 | Orc:2    | Found Sogul's Weapon Shop.
 21254 | Orc:2    | Found Fiotsos's General Store.
 21303 | Orc:2    | Bought a potion of curing for 39 gold pieces
 21303 | Orc:2    | Bought a scroll of fear for 45 gold pieces
 21366 | Orc:2    | Bought a scroll labeled KAFRAPOMIGOSM for 30 gold pieces
 21366 | Orc:2    | Bought a pair of spiked boots for 285 gold pieces
 21366 | Orc:2    | Bought a scroll of identify for 60 gold pieces
 21366 | Orc:2    | Bought a green potion for 27 gold pieces
 21476 | Orc:2    | Identified the +0 pair of boots of Patterns {rF- rCorr Int+3 Slay+5} (You bought it in a shop on level 2 of the Orcish Mines)
 22318 | D:11     | Noticed Harold
 22320 | D:11     | Killed Harold
 22650 | D:12     | Found Jiudile's Distillery.
 22667 | D:12     | Bought a potion of might for 72 gold pieces
 22667 | D:12     | Bought a potion of agility for 72 gold pieces
 22667 | D:12     | Bought a potion of agility for 72 gold pieces
 22693 | D:12     | Found Uhofuz's Jewellery Emporium.
 22716 | D:12     | Bought a +3 ring of slaying for 540 gold pieces
 22741 | D:12     | Found Ruwy Ah Xekk's Weapon Boutique.
 22859 | D:12     | Noticed Azrael
 23174 | D:12     | Killed Azrael
 23296 | D:13     | Reached skill level 13 in Shields
 23349 | D:13     | Found a gate to the Vaults.
 23560 | D:13     | Found a labyrinth entrance.
 23572 | Lab      | Entered a labyrinth
 24192 | Lab      | Got a wavering brass ring
 24196 | Lab      | Identified the cursed ring of Onaemn {Str-3 Dex+2} (You found it in a labyrinth)
 24274 | D:13     | Learned a level 6 spell: Invisibility
 24704 | D:13     | Learned a level 2 spell: Blink
 25088 | D:13     | Reached skill level 1 in Translocations
 26466 | D:14     | Reached skill level 14 in Shields
 26500 | D:15     | Entered Level 15 of the Dungeon
 26548 | D:15     | Reached XP level 16. HP: 84/84 MP: 17/17
 26553 | D:15     | Found a staircase to the Depths.
 27561 | D:15     | Learned a level 3 spell: Confuse
 27631 | D:15     | Upgraded the game from 0.21-a0-42-gb537e02 to 0.21-a0-43-g1479571
 27848 | Shoals:1 | Entered Level 1 of the Shoals
 28137 | D:8      | Bought a book of Battle for 440 gold pieces
 28577 | Shoals:1 | Reached skill level 1 in Invocations
 28791 | Shoals:1 | Reached skill level 1 in Evocations
 28861 | Shoals:2 | Found Tisch's Food Boutique.
 29687 | Shoals:3 | Reached skill level 5 in Evocations
 29746 | Shoals:3 | Noticed Jorgrun
 29749 | Shoals:3 | Killed Jorgrun
 29818 | Shoals:3 | Found Meessi's Gadget Emporium.
 30151 | Shoals:4 | Entered Level 4 of the Shoals
 30155 | Shoals:4 | Noticed Ilsuiw
 30748 | Shoals:4 | Killed Ilsuiw
 30780 | Shoals:4 | Reached skill level 15 in Shields
 30869 | Shoals:4 | Reached skill level 1 in Spellcasting
 30869 | Shoals:4 | Reached skill level 1 in Charms
 30919 | Shoals:4 | Reached XP level 17. HP: 88/88 MP: 23/23
 31174 | Shoals:4 | Got a barnacled rune of Zot
 31534 | Shoals:4 | Learned a level 3 spell: Regeneration
 31545 | Shoals:4 | Reached skill level 5 in Charms
 31924 | Shoals:3 | Reached skill level 5 in Spellcasting
 32461 | Orc:2    | Bought +0 fire dragon scales for 780 gold pieces
 32837 | Depths:1 | Entered Level 1 of the Depths
 32842 | Depths:1 | Noticed Saint Roka
 32953 | Depths:1 | Reached skill level 1 in Armour
 33025 | D:15     | Slain by Saint Roka

Vault maps used:
D:1:      onia_arrival_mini_spirals
D:2:      lemuel_doored_altar, chequers_ecumenical_altar_twisty, serial_forest,
          infiniplex_forest_clump_small, infiniplex_forest_pool,
          infiniplex_forest_end_3, infiniplex_forest_corner_1,
          infiniplex_forest_straight_4, infiniplex_forest_clump_tiny,
          infiniplex_forest_clump_double, infiniplex_forest_clump_small,
          infiniplex_forest_straight_2
D:3:      marbit_many_paths, first_bread, kennysheep_generic_room_7
D:4:      nicolae_ru_sacrificial_ziggurat
D:5:      cheibrodos_barr_body, uniq_duvessa
D:6:      gammafunk_temple_overflow_wave, vehumet_statue, temple_green,
          uniq_blork_the_orc
D:7:      cheibrodos_shockbox, kennysheep_mini, uniq_pikel
D:8:      kennysheep_mini_moat, basic_altar, serial_shops,
          nicolae_shop_temple_entry_statues_fountains, uniq_maurice
D:9:      lemuel_zombie_altar_yredelemnul,
          kennysheep_orc_monster_closet_entryway
D:10:     david_lair_shrubbed, uniq_fannar
D:11:     david_nohive_1, uniq_harold
D:12:     serial_shops, nicolae_shop_trees, nicolae_shop_stone, shop,
          uniq_azrael
D:13:     erik_vaults_2, lab_entry_generic
D:14:     roderic_aztec_sauvastika
D:15:     hangedman_depths_entry_civil_slaughter, serial_park_gazebo,
          special_room, library_closet
Temple:   cyrus_circular_temple
Lair:1:   portal_ice_cave_entry_pillars_1, minivault_25
Lair:2:   minivault_26, infiniplex_staircase_pool
Lair:3:   spider_nest_entry_rubble, ice2_lemuel, grunt_megastairs_4,
          lemuel_fruit_tree, uniq_gastronok
Lair:4:   elwin_shoals_entry_rocks, enter_volcano_3
Lair:6:   evil_forest, dpeg_slime_entry_enclosed_altar, grunt_megastairs_2
Shoals:2: serial_shops, shop
Shoals:3: serial_shops, shop, uniq_jorgrun
Shoals:4: shoals_end_grunt_ice, shoal_ilsuiw, uniq_ilsuiw
Orc:2:    st_orc_elflike
Depths:1: enter_ziggurat_f, grunt_pan_entry_zigzag, minmay_door_square,
          abyss_entry, hell_entry, minmay_evil_grid, uniq_saint_roka
Lab:      labyrinth_hidden_loot, nicolae_lab_starburst, nicolae_lab_lava,
          labyrinth_skeletal_remains
IceCv:    ice_cave_caverns_01

Skill      XL: |  1  2  3  4  5  6  7  8  9 10 11 12 13 14 15 16 17 |
---------------+----------------------------------------------------+-----
Short Blades   | 2 3 4 5 6 7 9 10 11 13 14 | 14.0
Shields        | 1 2 3 4 5 6 8 12 14 15 | 15.0
Fighting       | 5 7 8 9 |  9.7
Dodging        | 4 6 7 8 |  8.6
Stealth        | 8 11 13 14 | 14.2
Translocations | 2 3 |  3.8
Invocations    | 2 |  2.0
Evocations     | 7 |  7.1
Spellcasting   | 1 5 |  5.2
Charms         | 1 5 |  5.5
Throwing       | 2 |  2.0
Armour         | 1 |  1.2

Action                   |  1- 3 |  4- 6 |  7- 9 | 10-12 | 13-15 | 16-18 || total
-------------------------+-------+-------+-------+-------+-------+-------++-------
Melee: Dagger            |    89 |   152 |    77 |       |       |       ||   318
       Bite              |    23 |    50 |   102 |   306 |   615 |   267 ||  1363
       Rapier            |       |       |   252 |   795 |  1532 |   616 ||  3195
 Fire: Blowgun           |       |     3 |     5 |     2 |     1 |       ||    11
 Cast: Regeneration      |       |       |       |       |       |     2 ||     2
       Blink             |       |       |       |       |       |     1 ||     1
Invok: Shadow Step       |       |       |       |       |     7 |     2 ||     9
 Abil: Evoke Flight      |       |       |       |       |       |    15 ||    15
       Stop Flying       |       |       |       |       |       |     3 ||     3
Evoke: Wand              |       |       |       |     4 |     1 |       ||     5
       Sack of spiders   |       |       |       |       |       |     1 ||     1
  Use: Scroll            |       |       |     7 |    11 |    21 |     3 ||    42
       Potion            |       |       |       |     4 |     1 |     1 ||     6
 Stab: Sleeping          |    11 |    11 |    19 |    23 |    71 |    17 ||   152
       Distracted        |       |       |     2 |     5 |    16 |     9 ||    32
  Eat: Chunk             |     2 |    11 |    17 |     9 |    30 |    23 ||    92
       Fruit             |       |       |       |     5 |     5 |     3 ||    13
       Meat ration       |       |       |       |       |     1 |       ||     1
Armor: Robe              |    17 |    17 |    55 |   103 |    63 |       ||   255
       Leather armour    |       |       |       |       |    27 |    33 ||    60
       Fire dragon scale |       |       |       |       |       |     4 ||     4
Dodge: Dodged            |    38 |    56 |   113 |   452 |   596 |   314 ||  1569
Block: Buckler           |     5 |    25 |    59 |   207 |    68 |       ||   364
       Shield            |       |       |       |       |   435 |   331 ||   766
